AoeStats
← KootH.

Arena

504133370Analyzed
4v4 RM · 28d ago on Sep 4, 2026· 40m 45s· 8 players
Game mode
Random Map
Map size
Large (8 player)
Population
200
Speed
Normal
Resources
Standard
Victory
Conquest
Starting age
Dark Age
Ending age
Imperial Age
RankedLock teamsTeams togetherTeam positionsShared explorationLock speedFull tech treeHidden civsTurbo modeCheats
Victory
Defeat
🇨🇳 Cumans · China
1540
+14
🇨🇱 Khmer · Chile
1504
+16
🇨🇳 Turks · China
1408
+20
🇯🇵 Britons · Japan
1326
+23
🇲🇽 Spanish · Mexico
1555
-21
🇨🇴 Magyars · Colombia
1544
-20
🇵🇪 Byzantines · Peru
1454
-16
🇲🇽 Slavs · Mexico
1446
-16
Redwood MC9
8:26 Loom
11:11 Feudal Age
14:53 Castle Age
12:59 Double-Bit Axe
13:38 Horse Collar
13:50 Gold Mining
24:18 Wheelbarrow
23:53 Loom
24:28 Bow Saw
24:23 Heavy Plow
25:15 Stone Mining
26:01 Hand Cart
30:54 Imperial Age
28:50 Fletching
29:22 Ballistics
29:17 Bloodlines
29:08 Husbandry
29:49 Stone Shaft Mining
30:51 Masonry
30:52 Padded Archer Armor
30:47 Bodkin Arrow
31:45 Town Watch
31:25 Elite Conquistador
33:51 Supremacy
39:14 Conscription
OzoneMX2022
10:03 Feudal Age
14:39 Castle Age
14:26 Double-Bit Axe
15:46 Bow Saw
27:42 Wheelbarrow
26:53 Town Watch
29:26 Hand Cart
31:40 Loom
32:16 Gold Mining
32:30 Horse Collar
33:37 Padded Archer Armor
36:12 Imperial Age
33:34 Pikeman
34:16 Squires
34:45 Scale Mail Armor
35:01 Man-at-Arms
36:16 Long Swordsman
36:37 Halberdier
37:29 Forging
38:16 Long Swordsman
ACN_Mk
10:30 Feudal Age
10:35 Loom
14:32 Castle Age
12:54 Horse Collar
13:25 Double-Bit Axe
18:53 Squires
20:42 Pikeman
23:54 Heavy Plow
24:14 Bow Saw
26:22 Wheelbarrow
26:37 Gambesons
27:08 Forging
27:54 Scale Mail Armor
31:02 Imperial Age
29:07 Stone Mining
29:43 Crossbowman
30:28 Thumb Ring
30:34 Gold Mining
31:08 Fletching
31:21 Arbalester
31:57 Bodkin Arrow
33:24 Bracer
34:06 Padded Archer Armor
35:30 Leather Archer Armor
36:42 Ballistics
38:02 Hand Cart
38:18 Ring Archer Armor
38:26 Chain Mail Armor
37:33 Halberdier
37:49 Elite Skirmisher
39:53 Chemistry
KootH.
10:11 Feudal Age
14:39 Castle Age
12:44 Double-Bit Axe
13:15 Horse Collar
15:36 Bow Saw
17:16 Heavy Plow
21:39 Wheelbarrow
23:23 Husbandry
24:57 Bloodlines
25:16 Fletching
26:06 Bodkin Arrow
27:06 Loom
27:28 Scale Barding Armor
27:26 Padded Archer Armor
27:44 Thumb Ring
28:24 Ballistics
34:22 Imperial Age
31:42 Light Cavalry
33:07 Leather Archer Armor
33:12 Town Watch
34:19 Hand Cart
33:58 Gold Mining
34:04 Pikeman
35:25 Bracer
36:32 Chemistry
37:17 Scale Mail Armor
37:48 Ring Archer Armor
happix
11:08 Feudal Age
13:50 Castle Age
12:05 Double-Bit Axe
12:33 Horse Collar
15:08 Bow Saw
19:11 Wheelbarrow
18:22 Loom
21:42 Heavy Plow
22:01 Husbandry
26:20 Imperial Age
24:49 Scale Mail Armor
25:03 Forging
27:40 Chain Mail Armor
26:48 Pikeman
28:28 Iron Casting
28:25 Crop Rotation
27:51 Halberdier
28:01 Capped Ram
30:38 Siege Ram
35:24 Bloodlines
34:35 Cavalier
37:14 Light Cavalry
39:01 Blast Furnace
38:06 Scale Barding Armor
40:25 Man-at-Arms
sada-aki
9:17 Loom
11:20 Feudal Age
12:04 Double-Bit Axe
15:54 Castle Age
14:13 Horse Collar
14:58 Fletching
16:05 Padded Archer Armor
27:07 Ballistics
27:25 Crossbowman
29:33 Treadmill Crane
30:05 Gold Mining
32:14 Stone Mining
33:09 Bodkin Arrow
33:29 Leather Archer Armor
34:50 Caravan
38:07 Imperial Age
37:13 Fortified Wall
37:53 Wheelbarrow
38:42 Yeomen
39:53 Chemistry
38:18 Arbalester
39:34 Bracer
逸丶然
8:28 Feudal Age
10:28 Double-Bit Axe
11:13 Horse Collar
15:40 Wheelbarrow
19:55 Castle Age
20:31 Bloodlines
20:42 Scale Barding Armor
20:47 Forging
21:13 Bow Saw
21:55 Gold Mining
24:09 Chain Barding Armor
24:09 Loom
24:11 Town Watch
24:42 Hand Cart
24:29 Heavy Plow
24:20 Stone Mining
29:03 Gold Shaft Mining
31:19 Imperial Age
29:40 Devotion
30:23 Gold Shaft Mining
31:25 Cavalier
32:44 Plate Barding Armor
32:45 Iron Casting
33:07 Conscription
34:05 Paladin
36:24 Blast Furnace
36:09 Capped Ram
37:04 Siege Ram
38:04 Light Cavalry
40:31 Hussar
心之闻名
10:10 Feudal Age
9:41 Loom
14:57 Castle Age
13:10 Horse Collar
13:56 Double-Bit Axe
15:07 Town Watch
16:52 Wheelbarrow
24:20 Gold Mining
25:57 Bloodlines
35:21 Imperial Age
32:46 Stone Mining
34:46 Bow Saw
35:52 Gold Shaft Mining
41:16 Conscription
Connection lost

Rejoining the realm…

Still unreachable

The connection could not be restored.

Session expired

The server has moved on; the page needs a fresh start.